 Dungeon Crawl Stone Soup version 0.29-a0-876-gfc89b1a5bd (webtiles) character file.

Game seed: 8690788505440199443

82 IdlyInterested the Chopper (level 4, -5/35 HPs)
             Began as a Demonspawn Fighter on July 19, 2022.
             Killed from afar by an orc wizard (13 damage)
             ... with a puff of flame
             ... on level 3 of the Dungeon.
             The game lasted 00:05:44 (1926 turns).

IdlyInterested the Chopper (Demonspawn Fighter)     Turns: 1926, Time: 00:05:45

Health: -5/35      AC: 10    Str: 23    XL:     4   Next: 21%
Magic:  4/4        EV:  9    Int:  5    God:
Gold:   38         SH:  4    Dex: 14    Spells: 3/3 levels left

rFire   . . .      SeeInvis .   a - +0 war axe
rCold   . . .      Faith    .   c - +0 buckler
rNeg    + + +      Spirit   .   b - +0 scale mail
rPois   .          Reflect  .   (helmet restricted)
rElec   .          Harm     .   (no cloak)
rCorr   +          Rampage  .   m - +0 pair of gloves
Will    .....                   f - +0 pair of boots
Stlth   ++........              (no amulet)
HPRegen 0.11/turn               j - ring "Kikoafel" {rN+++ rCorr Str+6 Int-4 Stlth+}
MPRegen 0.09/turn               (no ring)

@: no status effects
A: horns 1, sharp scales 1
a: no special abilities


You were on level 3 of the Dungeon.
You visited 1 branch of the dungeon, and saw 3 of its levels.

You collected 168 gold pieces.
You spent 130 gold pieces at shops.

Inventory:

Hand Weapons
 a - a +0 war axe (weapon)
Missiles
 e - a throwing net (quivered)
Armour
 b - a +0 scale mail (worn)
 c - a +0 buckler (worn)
 f - a +0 pair of boots (worn)
 k - a +0 tower shield
 m - a +0 pair of gloves (worn)
Jewellery
 j - the ring "Kikoafel" (left hand) {rN+++ rCorr Str+6 Int-4 Stlth+}
   (You found it on level 2 of the Dungeon)

   [ring of strength]

   Str:       It affects your strength (+6).
   Int:       It affects your intelligence (-4).
   rN:        It renders you almost immune to negative energy.
   rCorr:     It protects you from acid and corrosion.
   Stlth:     It makes you more stealthy.
Scrolls
 p - a scroll of fog {unknown}
Potions
 d - a potion of might
 g - a potion of curing {unknown}
 h - a potion of attraction {unknown}
 i - a potion of berserk rage {unknown}
 l - a potion of resistance {unknown}
 n - 2 potions of heal wounds
 o - a potion of mutation


   Skills:
 - Level 3.0 Fighting
 * Level 3.2 Axes
 - Level 3.0 Armour
 + Level 1.8 Stealth
 * Level 2.8 Shields


You had 3 spell levels left.
You didn't know any spells.
Your spell library was empty.

Dungeon Overview and Level Annotations

Branches:
Dungeon (3/15)

Altars:

Shops:
D:2 !


Innate Abilities, Weirdness & Mutations

You have a pair of small horns on your head.
You are partially covered in razor-sharp scales. (AC +1, Slay +1)


Message History

The orc wizard flickers and vanishes!
The orc wizard attacks as you move away!
The orc wizard hits you with a +3 dagger.
Something hits you but does no damage.
The orc wizard gestures wildly while chanting.
The orc wizard flickers and vanishes!
You miss something. You miss the orc wizard. You closely miss something.
Something hits you but does no damage. x2
You completely miss the orc wizard. You closely miss the orc.
You hit something. You completely miss something. You closely miss something.
Something hits you. Something hits you but does no damage.
You hear some strange, mumbled words.
A magic dart appears from out of thin air!
The magic dart hits you but does no damage.
The orc wizard barely misses you. The orc hits you but does no damage.
Something hits you. x2
The orc wizard casts a spell.
The orc wizard flickers and vanishes!
Something hits you but does no damage. The orc barely misses you.
Something hits you but does no damage. x2
You slash something! You miss something. You miss the orc.
You completely miss something. Something hits you.
Something hits you but does no damage. The orc closely misses you.
Something hits you but does no damage.
You barely miss something. Your headbutt misses something.
You completely miss something. You miss something. You barely miss something.
You hit the orc.
Something hits you but does no damage. x3
The orc hits you but does no damage. Something hits you but does no damage.
You barely miss something. You headbutt something. You closely miss something.
You slash the orc!
You kill the orc!
You closely miss something. You miss something.
You feel less confused. Something hits you but does no damage.
Something hits you.
* * * LOW HITPOINT WARNING * * *
Something hits you but does no damage.
You hear some strange, mumbled words.
A puff of flame appears from out of thin air!
The puff of flame hits you!
You die...

##.#.###########
#..#...........#########
#........####...........
#..#####.# #...........
#......#.# #...........
##.#.#.#.# #.......?...
...#.#...# #"..........
#..#.##### #..){.......
#..#.# #..{@.......
...... #...........
...... #...........
........ ......!......
........ ###...........
........ #....(......
......... ^........####
......... .........#
......... .......


There were no monsters in sight!

Vanquished Creatures
  3 adders (D:2)
  A worm (D:2)
  A dart slug (D:2)
  An orc (D:3)
  8 ball pythons
  6 bats
  7 endoplasms
  A giant cockroach (D:2)
  5 hobgoblins
  7 kobolds
  A quokka (D:1)
  4 frilled lizards
  A goblin (D:1)
  4 rats
50 creatures vanquished.

Notes
Turn   | Place    | Note
-------+----------+-------------------------------------------
     0 | D:1      | IdlyInterested the Demonspawn Fighter began the quest for
                  | the Orb.
     0 | D:1      | Reached XP level 1. HP: 18/18 MP: 1/1
   105 | D:1      | Gained mutation: You are partially covered in razor-sharp
                  | scales. (AC +1, Slay +1) [demonic ancestry]
   105 | D:1      | Reached XP level 2. HP: 22/24 MP: 2/2
   454 | D:1      | Reached XP level 3. HP: 29/29 MP: 3/3
   624 | D:1      | Reached skill level 1 in Stealth
   959 | D:2      | Found Moaps's Distillery.
  1084 | D:2      | Identified the ring "Kikoafel" {rN+++ rCorr Str+6 Int-4
                  | Stlth+}
  1101 | D:2      | Gained mutation: You have a pair of small horns on your
                  | head. [demonic ancestry]
  1101 | D:2      | Reached XP level 4. HP: 35/35 MP: 4/4
  1696 | D:2      | Bought a potion of heal wounds for 50 gold pieces
  1696 | D:2      | Bought a potion of mutation for 80 gold pieces
  1926 | D:3      | Killed from afar by an orc wizard

Illustrated notes

Levels and vault maps discovered:
D:1:      lightli_arrival_statue_moat, layout_loops_cross,
          chequers_serial_rivers_room_b, minmay_misc_feat_more_columns,
          minmay_ruptured
D:2:      layout_loops_corners, serial_shops, nicolae_shop_waterfront
D:3:      layout_basic, hellmonk_ecumenical_altar_arch_garden, uniq_terence

Skill      XL: |  1  2  3 |
---------------+----------+-----
Axes           | 2 3 |  3.2
Armour         | 3 |  3.0
Stealth        | 1 |  1.8
Fighting       | |  3.0
Shields        | |  2.8

Action                   |  1- 3 |  4- 6 || total
-------------------------+-------+-------++-------
Melee: War axe           |    69 |    28 ||    97
       Headbutt          |       |     3 ||     3
  Use: Scroll            |     4 |       ||     4
 Stab: Sleeping          |       |     3 ||     3
Armor: Scale mail        |    32 |    29 ||    61
Dodge: Dodged            |    33 |    19 ||    52
Block: Buckler           |    20 |     2 ||    22

Table legend: (Time is in decaauts)
 A = Elapsed time spent in this place.
 B = Non-inter-level travel time spent in this place.
 C = Inter-level travel time spent in this place.
 D = Time resting spent in this place.
 E = Time spent auto-exploring this place.
 F = Levels seen in this place.
 G = Mean time per level.
                   A        B        C        D        E       F      G
               +--------+--------+--------+--------+--------+-----+--------+
         Total |   1965 |   1725 |    240 |      0 |   1267 |   3 |  655.0 |
       Dungeon |   1965 |   1725 |    240 |      0 |   1267 |   3 |  655.0 |
               +--------+--------+--------+--------+--------+-----+--------+

Top non-repeatable levels by time:
     D:2: 1028 daAuts
     D:1: 803 daAuts
     D:3: 133 daAuts
